Map: Void Thrashing

Players

Simon

  • Race: Zerg Zerg

NamroodTuo

  • Race: Terran Terran

VOD

Have the link to the VOD?

Description

Time

  • Played on: April 16, 2023, 11:04 a.m.
  • Length: 20:08
Show
View Real Time Build Order
Export as new Build Order

Simon Zerg 

Build Orders:  

Get SALT Encoding   

  12  0:04  Drone  
  13  0:23  Drone  
  14  0:48  Spawning Tool  
  14  0:49  Overlord, Drone  
  14  1:09  Extractor  
  13  1:10  Drone  
  13  1:13  Overlord  
  14  1:29  Extractor  
  13  1:31  Drone x3  
  16  1:57  Drone x2  
  16  1:58  Drone x3  
  21  2:32  Zergling x8  
  25  2:43  Drone  
  26  3:10  Metabolic Boost  
  26  4:01  Drone  
  26  4:02  Drone x3  
  30  4:37  Overlord x4  
  30  4:38  Overlord  
  30  4:42  Hardened Ergonergy Shield  
  30  6:13  Hatchery  
  29  6:44  Zergling x2  
  29  6:45  Drone, Zergling x8  
  35  7:02  Infestation Pit  
  35  7:07  Drone  
  35  7:08  Zergling x2  
  36  7:19  Drone  
  37  7:30  Zergling x2  
  37  7:31  Zergling x4  
  40  8:02  Drone, Zergling x4  
  43  8:17  Drone x4  
  43  8:18  Drone x2  
  49  8:39  Zergling x4  
  49  8:40  Zergling x4  
  53  8:55  Zergling  
  53  8:57  Zergling x4  
  53  8:58  Zergling x4  
  53  8:59  Zergling  
  57  9:02  Zergling x6  
  54  9:38  Zergling  
  52  9:47  Zergling  
  48  9:50  Zergling  
  48  9:53  Zergling  
  47  10:12  Zergling x2  
  47  10:13  Zergling x10  
  47  10:16  Adrenal Glands  
  49  10:23  Zergling x2  
  49  10:27  Zergling x8  
  49  10:28  Zergling x4  
  54  11:05  Zergling x8  
  58  11:13  Ultralisk Cavern  
  57  11:24  Evolution Chamber  
  56  11:35  Evolution Chamber  
  55  11:46  Overlord x4  
  55  11:47  Overlord x2  
  55  11:56  Zergling  
  55  11:59  Zergling  
  54  12:49  Electrostatic Surprise  
  54  12:51  Zergling  
  54  12:53  Ultralisk x3  
  54  12:54  Ultralisk x3, Zergling  
  54  12:57  Zergling  
  90  13:00  Ultralisk  
  90  13:01  Zergling  
  90  13:39  Ultralisk  
  96  13:40  Zergling x6  
  96  13:49  Mecha Mooch Module  
  99  14:19  Zergling  
  97  15:03  Zerg Melee Weapons Level 1  
  97  15:05  Zerg Ground Armor Level 1  
  92  15:10  Zergling x10  
  97  15:11  Zergling x2  
  97  15:19  Chitanium Plating  
  103  16:07  Ultralisk  
  109  16:10  Zergling x4  
  109  16:11  Zergling x6  
  109  16:18  Zergling x4  
  109  16:19  Zergling x8  
  120  16:35  Extractor  
  120  16:39  Extractor  
  118  16:41  Overlord x2  
  118  16:42  Overlord  
  118  17:16  Drone x2  
  120  17:21  Ultralisk  
  120  17:25  Ultralisk  
  132  17:30  Drone  
  132  17:32  Drone  
  134  18:24  Ultralisk  
  140  18:42  Ultralisk  
  140  18:44  Zergling x2  
  140  18:45  Zergling x2  
  140  18:48  Overlord x3  
  148  18:52  Overlord  
  148  18:53  Overlord  
  148  19:00  Zergling  
  148  19:04  Zergling  
  148  19:05  Zergling  
  148  19:07  Zergling  
  147  19:10  Zergling  
  147  19:13  Zergling  
  147  19:15  Zergling  
  147  19:18  Zergling  
  147  19:23  Zergling  
  143  19:30  Zergling  
Show
View Real Time Build Order
Export as new Build Order

NamroodTuo Terran 

Build Orders:  

Get SALT Encoding   

  12  0:03  SCV  
  13  0:20  SCV  
  14  0:38  SCV  
  14  0:39  Gunslingers Hideout  
  15  0:55  SCV  
  15  0:57  Refinery  
  16  1:12  SCV, Refinery  
  17  1:24  Engineering Bay  
  17  1:29  SCV  
  18  1:45  SCV  
  19  2:17  Command Center  
  19  2:23  SCV  
  20  2:41  SCV  
  21  2:58  SCV  
  22  3:01  Tychus  
  22  3:15  SCV  
  23  3:32  SCV  
  23  3:37  James Sirius Sykes  
  34  3:57  SCV  
  35  4:18  SCV  
  36  4:21  Auto-Turret  
  36  4:25  Outlaw Weapons Level 1  
  36  4:35  SCV  
  36  4:38  Command Center  
  37  4:40  SCV  
  38  4:50  Auto-Turret  
  38  4:52  SCV  
  39  5:37  SCV  
  40  5:50  SCV  
  40  5:51  Refinery  
  40  5:54  SCV  
  42  6:00  Muscle Armory  
  42  6:02  Medivac Platform  
  42  6:07  SCV  
  43  6:11  SCV  
  44  6:21  Auto-Turret  
  44  6:24  SCV  
  44  6:27  SCV  
  46  6:41  SCV  
  46  6:44  SCV  
  48  6:50  Auto-Turret  
  48  6:58  SCV  
  49  7:00  Fixers Safehouse, Outlaw Life and Armor Level 1  
  49  7:01  SCV  
  50  7:18  Auto-Turret, SCV  
  51  7:35  SCV  
  52  7:49  Auto-Turret  
  52  7:51  SCV  
  52  7:52  SCV  
  54  8:07  SCV  
  54  8:09  SCV  
  56  8:24  SCV  
  57  8:41  SCV  
  57  8:48  Lt Layna Nikara  
  68  8:58  SCV  
  68  8:59  ITC-E Triggers  
  69  10:29  Flashforce GDM Visor  
  69  11:20  Crooked Sam  
  79  11:59  Outlaw Weapons Level 2  
  79  12:39  Kel-Morian Ripper Rounds  
  79  12:41  Procyon Shade Suit  
  79  12:42  D99 Detonator  
  79  12:45  Procyon Twin Heal Beam Gauntlet  
  79  14:19  Outlaw Life and Armor Level 2  
  79  15:07  Miles Blaze Lewis  
  89  16:10  Wildflame Fuel Additives  
  89  16:12  Vanadium Shell  
  89  16:13  Moebius Restraint Matrix  
  89  16:15  Moebius M34 Terror Rounds  
  89  16:22  Procyon Serum  
  89  16:39  Endurance Supplements  
  89  16:40  Refinery  
  89  16:42  SCV  
  90  16:59  SCV  
  91  17:16  SCV  
  92  17:33  SCV  
  92  17:35  Hades Oil  
  93  17:49  SCV  
Tags
 
Matchup
Co-op
Replay Pack
Multiplayer
Add a new tag
Caveats
  • Supply blocks, unpowered buildings, or Contaminate may cause inaccurate times.
  • Supply counts are checked every 10 seconds.